 Dungeon Crawl Stone Soup version 0.28.0-47-ge53b351184 (webtiles) character file.

Game seed: 14730942277154764049

25 RatsInWalls the Caller (level 3, -2/25 (26) HPs)
             Began as a Barachi Summoner on May 10, 2022.
             Slain by Crazy Yiuf
             ... wielding a +4 quarterstaff of chaos
              (15 damage)
             ... on level 2 of the Dungeon.
             The game lasted 00:04:14 (1740 turns).

RatsInWalls the Caller (Barachi Summoner)           Turns: 1740, Time: 00:04:16

HP:   -2/25 (26)    AC:  2    Str: 11    XL:     3   Next: 6%
MP:   1/6           EV: 12    Int: 15    God:
Gold: 70            SH:  0    Dex: 12    Spells: 4/7 levels left

rFire   . . .      SeeInvis .   i - +0 short sword (venom)
rCold   . . .      Faith    .   (no shield)
rNeg    . . .      Spirit   .   a - +0 robe
rPois   .          Reflect  .   (no helmet)
rElec   .          Harm     .   (no cloak)
rCorr   .          Rampage  .   (no gloves)
Will    .....                   (no boots)
Stlth   ++........              (no amulet)
HPRegen 0.08/turn               (no ring)
MPRegen 0.10/turn               (no ring)

@: lethally poisoned (-2 -> -16), unable to hop, lightly drained, slow
A: amphibious, slowness 1, strong legs 1, +LOS
a: Hop


You were on level 2 of the Dungeon.
You visited 1 branch of the dungeon, and saw 2 of its levels.

You collected 70 gold pieces.

Inventory:

Hand Weapons
 i - a +0 short sword of venom (weapon)
Missiles
 e - 2 boomerangs
Armour
 a - a +0 robe (worn)
 c - a +0 leather armour
Scrolls
 b - a scroll of identify {unknown}
 d - a scroll of teleportation {unknown}
 g - a scroll of fog {unknown}
Potions
 f - 2 potions of cancellation {unknown}
 h - a potion of attraction {unknown}


   Skills:
 + Level 1.2 Fighting
 - Level 2.4 Dodging
 - Level 1.7 Stealth
 + Level 2.5 Spellcasting
 * Level 5.3 Summonings


You had 4 spell levels left.
You knew the following spells:

 Your Spells              Type           Power      Damage    Failure   Level
a - Summon Small Mammal   Summ           72%        N/A       2%          1
b - Call Imp              Summ           18%        N/A       3%          2

Your spell library contained the following spells:

 Spells                   Type           Power      Damage    Failure   Level
 Call Canine Familiar     Summ           18%        N/A       7%          3
 Summon Guardian Golem    Hex/Summ       9%         N/A       22%         3
 Summon Lightning Spire   Summ/Air       9%         N/A       56%         4


Dungeon Overview and Level Annotations

Branches:
Dungeon (2/15)

Altars:

Annotations:
D:2 Crazy Yiuf


Innate Abilities, Weirdness & Mutations

You are amphibious.
You cover ground slowly.
You can hop short distances.
You have an extended range of vision and can be seen from far away.


Message History

Confirm with . or Enter, or press ? or * to list all spells.
Crazy Yiuf hits your crimson imp with a +4 quarterstaff of chaos!
Your crimson imp dies!
Your crimson imp disappears in a puff of smoke!
You swap places.
Your quokka bites Crazy Yiuf.
Crazy Yiuf hits your quokka with a +4 quarterstaff of chaos.
Your quokka seems to grow stronger.
Something misses your quokka.
Crazy Yiuf whimpers, "Proton blue action!"
Crazy Yiuf hits your quokka with a +4 quarterstaff of chaos!
Your quokka dies!
Your quokka's corpse disappears in a puff of smoke!
Casting: Summon Small Mammal (safe; 2% risk of failure)
Confirm with . or Enter, or press ? or * to list all spells.
Crazy Yiuf yells, "Trifle dark poople!"
Casting: Summon Small Mammal (safe; 2% risk of failure)
Confirm with . or Enter, or press ? or * to list all spells.
Crazy Yiuf hits your rat with a +4 quarterstaff of chaos!!
Crazy Yiuf freezes your rat.
Your rat dies!
Your rat's corpse disappears in a puff of smoke!
Hop to where?
Press: ? - help, Dir - move target Boing!
Your quokka bites Crazy Yiuf.
Your quokka bites Crazy Yiuf but does no damage.
You completely miss Crazy Yiuf.
Crazy Yiuf is lightly wounded.
Your quokka bites Crazy Yiuf.
Crazy Yiuf hits you with a +4 quarterstaff of chaos!
You feel drained.
Your quokka bites Crazy Yiuf but does no damage.
You barely miss Crazy Yiuf.
Crazy Yiuf is moderately wounded.
Crazy Yiuf hits you with a +4 quarterstaff of chaos.
You are lethally poisoned!
Your quokka closely misses Crazy Yiuf.
Crazy Yiuf hits you with a +4 quarterstaff of chaos!
Ouch! That really hurt!
You die...

###### #....# #....########
#...........#
#...........##♣♣♣♣♣
#............#...♣.♣♣♣ ###
#.................♣.g♣#...#
#.....#+##...gr..♣♣♣♣.'...#
...#####.....@#..♣♣ ♣♣#..)#
.### ####..<##♣♣ ### #
###......# .#........#
...........###########
.......................
.......#.###.....#.....
.####..#..#.........#
.............#..#..#


You could see Crazy Yiuf (ally target) and a friendly quokka (summoned).

Vanquished Creatures
  A ball python (D:1)
  A bat (D:2)
2 creatures vanquished.

Vanquished Creatures (collateral kills)
  6 ball pythons (D:1)
  3 bats (D:1)
  An endoplasm (D:1)
  3 goblins (D:1)
  2 hobgoblins (D:1)
  A quokka (D:1)
  2 kobolds (D:1)
  4 rats (D:1)
22 creatures vanquished.

Grand Total: 24 creatures vanquished

Notes
Turn   | Place    | Note
-------+----------+-------------------------------------------
     0 | D:1      | RatsInWalls the Barachi Summoner began the quest for the
                  | Orb.
     0 | D:1      | Reached XP level 1. HP: 13/13 MP: 3/3
   404 | D:1      | Reached skill level 5 in Summonings
   536 | D:1      | Reached XP level 2. HP: 12/20 MP: 1/5
   541 | D:1      | Learned a level 2 spell: Call Imp
   815 | D:1      | Reached skill level 1 in Fighting
  1139 | D:1      | Found a faded altar of an unknown god.
  1547 | D:1      | Reached XP level 3. HP: 26/26 MP: 3/6
  1686 | D:2      | Found a runed translucent door.
  1687 | D:2      | Noticed Crazy Yiuf
  1740 | D:2      | Slain by Crazy Yiuf

Illustrated notes

Levels and vault maps discovered:
D:1:      dpeg_arrival_subterranean_lakeside_camping, layout_loops_corners,
          chequers_ecumenical_altar_twisty, chequers_serial_rivers_micro_b
D:2:      cheibrodos_old_hovel, layout_basic, minmay_quantized, uniq_robin,
          uniq_crazy_yiuf_cottage

Skill      XL: |  1  2 |
---------------+-------+-----
Summonings     | 5 |  5.3
Fighting       | 1 |  1.2
Dodging        | |  2.4
Stealth        | |  1.7
Spellcasting   | |  2.5

Action                   || total
-------------------------++-------
Melee: Dagger            ||     8
       Unarmed           ||     4
       Short sword       ||     4
 Cast: Summon Small Mamm ||    40
       Call Imp          ||     6
 Abil: Hop               ||     1
Dodge: Dodged            ||    13
